 Dungeon Crawl Stone Soup version 0.31-a0-818-ge7c7cf74f0 (webtiles) character file.

Game seed: 6408533191480119606

47 Danienth the Conjurer (level 3, -4/24 HPs)
             Began as a Human Conjurer on Sept 22, 2023.
             Slain by a gnoll
             ... wielding a +0 spear
             ... led by the fury of Okawaru
              (5 damage)
             ... on level 2 of the Dungeon.
             The game lasted 00:07:43 (1206 turns).

Danienth the Conjurer (Human Conjurer)              Turns: 1206, Time: 00:07:44

Health: -4/24      AC:  3    Str:  7    XL:     3   Next: 97%
Magic:  6/7        EV: 12    Int: 18    God:
Gold:   51         SH:  0    Dex: 13    Spells: 2/8 levels left

rFire   . . .        c - +0 mace
rCold   . . .        (no shield)
rNeg    . . .        a - +1 robe
rPois   .            (no helmet)
rElec   .            (no cloak)
rCorr   .            (no gloves)
SInv    .            (no boots)
Will    .....        (no amulet)
Stlth   ++           f - ring of flight
HPRegen 0.24/turn    (no ring)
MPRegen 0.10/turn

%: no passive effects
@: flying
A: no striking features
a: no special abilities


You were on level 2 of the Dungeon.
You visited 1 branch of the dungeon, and saw 2 of its levels.

You collected 51 gold pieces.

Inventory:

Hand Weapons
 c - a +0 mace (weapon)
Missiles
 e - 5 javelins
Armour
 a - a +1 robe (worn)
Jewellery
 f - a ring of flight (left hand)
Scrolls
 b - a scroll of amnesia
Potions
 d - a potion of cancellation {unknown}


   Skills:
 - Level 0.2 Fighting
 * Level 1.5 Maces & Flails
 - Level 2.0 Dodging
 - Level 2.0 Stealth
 * Level 3.1 Spellcasting
 - Level 4.0 Conjurations


You had 2 spell levels left.
You knew the following spells:

 Your Spells              Type           Power      Damage    Failure   Level
a - Magic Dart            Conj           68%        1d6       3%          1
b - Searing Ray           Conj           34%        2d5       4%          2
c - Dazzling Flash        Conj/Hex       20%        N/A       22%         3

Your spell library contained the following spells:

 Spells                   Type           Power      Damage    Failure   Level
 Call Imp                 Summ           4%         N/A       24%         2
 Mephitic Cloud           Conj/Pois/Air  7%         N/A       28%         3
 Fulminant Prism          Conj/Hex       5%         3d7       56%         4
 Iskenderun's Mystic Bla  Conj/Tloc      10%        2d4       56%         4


Dungeon Overview and Level Annotations

Branches:
Dungeon (2/15)

Altars:
Okawaru


Message History

The magic dart hits the worm.
The worm is heavily wounded.
Casting: Magic Dart (safe; 3% risk of failure)
Confirm with . or Enter, or press ? or * to list all spells.
Aiming: Magic Dart (safe; 3% risk of failure)
Press: ? - help, Shift-Dir - straight line, f/p - worm
Aim: a worm (heavily wounded, 100% to hit)
The magic dart hits the worm.
The worm is heavily wounded.
Casting: Magic Dart (safe; 3% risk of failure)
Confirm with . or Enter, or press ? or * to list all spells.
You don't have enough magic to cast this spell.
Unknown command.
The worm bites you but does no damage.
You see here 5 javelins.
You hit the worm.
The worm is severely wounded.
The worm barely misses you.
You completely miss the worm.
The worm is severely wounded.
You hit the worm.
The worm is almost dead.
The worm bites you but does no damage.
You hit the worm.
You kill the worm!
No target in view!
No target in view!
e - 5 javelins Okawaru sends forces against you!
A gnoll sergeant and 4 gnolls come into view.
The gnoll hits you from afar with a +0 halberd.
The gnoll hits you with a +0 spear.
The gnoll sergeant attacks as it pursues you!
The gnoll sergeant hits you from afar with a +0 trident!
The gnoll sergeant hits you from afar with a +0 trident!
* * * LOW HITPOINT WARNING * * *
The gnoll hits you from afar with a +0 halberd.
* * * LOW HITPOINT WARNING * * *
The gnoll hits you with a +0 spear.
You die...

#.# #...#.####
#.#.#........####
#.#>..............
###.####.......#####
#...[..........#
#......####.####
#.......g...#
#........g..#######
#......g.gg@.......
#..................
#####.......#######
#.......# #.......#
#.......# #.......#
#.......# #.......#


You could see a gnoll sergeant and 4 gnolls.

Vanquished Creatures
  An adder (D:2)
  2 worms (D:2)
  5 ball pythons
  An endoplasm (D:1)
  A giant cockroach (D:1)
  3 goblins (D:1)
  3 hobgoblins
  4 jackals (D:1)
  2 quokkas (D:1)
  A bat (D:2)
  A frilled lizard (D:1)
  A kobold (D:1)
  5 rats (D:1)
30 creatures vanquished.

Notes
Turn   | Place    | Note
-------+----------+-------------------------------------------
     0 | D:1      | Danienth the Human Conjurer began the quest for the Orb.
     0 | D:1      | Reached XP level 1. HP: 13/13 MP: 3/3
   224 | D:1      | Reached XP level 2. HP: 19/19 MP: 3/5
   403 | D:1      | Learned a level 2 spell: Searing Ray
   568 | D:1      | Found a faded altar of an unknown god.
   613 | D:1      | Reached skill level 1 in Maces & Flails
   617 | D:1      | Reached XP level 3. HP: 24/24 MP: 0/7
   645 | D:1      | Prayed at the altar of an unknown god.
   645 | D:1      | Became a worshipper of Warmaster Okawaru
   645 | D:1      | Reached * piety under Okawaru
   648 | D:1      | Fell from the grace of Okawaru
  1061 | D:2      | Learned a level 3 spell: Dazzling Flash
  1204 | D:2      | Noticed a gnoll sergeant
  1206 | D:2      | HP: 1/24 [gnoll/+0 halberd[the fury of Okawaru] (1)]
  1206 | D:2      | Slain by a gnoll

Illustrated notes

Levels and vault maps discovered:
D:1:      tarquinn_simple_flora_water_f, layout_basic,
          shapermc_ecumenical_altar_mp_highgroup
D:2:      minmay_wonky_spiral, layout_basic

Skill      XL: |  1  2  3 |
---------------+----------+-----
Maces & Flails | 1 |  1.5
Spellcasting   | 3 |  3.1
Fighting       | |  0.2
Dodging        | |  2.0
Stealth        | |  2.0
Conjurations   | |  4.0

Action                     || total
---------------------------++-------
  Melee: Mace              ||    37
   Cast: Magic Dart        ||    62
 Invoke: Renounce Religion ||     1
    Use: Scroll            ||     3
         Potion            ||     2
 Armour: Robe              ||    35
  Dodge: Dodged            ||    34

Table legend: (Time is in decaauts)
 A = Elapsed time spent in this place.
 B = Non-inter-level travel time spent in this place.
 C = Inter-level travel time spent in this place.
 D = Time resting spent in this place.
 E = Time spent auto-exploring this place.
 F = Levels seen in this place.
 G = Mean time per level.
                   A        B        C        D        E       F      G
               +--------+--------+--------+--------+--------+-----+--------+
         Total |   1218 |   1158 |     60 |    142 |    839 |   2 |  609.0 |
       Dungeon |   1218 |   1158 |     60 |    142 |    839 |   2 |  609.0 |
               +--------+--------+--------+--------+--------+-----+--------+

Top non-repeatable levels by time:
     D:1: 1004 daAuts
     D:2: 214 daAuts
